 Dungeon Crawl Stone Soup version 0.26-a0-546-g3c2127501a (webtiles) character file.

Game seed: 7378986029069775436

(classic levelgen) 10665 EnegeticOcto the Severer (level 11, -1/93 HPs)
             Began as a Deep Dwarf Fighter on Aug 19, 2020.
             Was the Champion of Okawaru.
             Slain by a salamander
             ... wielding a +0 halberd
              (7 damage)
             ... in a volcano.
             The game lasted 00:19:34 (3035 turns).

EnegeticOcto the Severer (Deep Dwarf Fighter)       Turns: 3035, Time: 00:19:34

Health: -1/93      AC: 11    Str: 23    XL:     11   Next: 39%
Magic:  0/0        EV:  4    Int:  9    God:    Okawaru [******]
Gold:   364        SH: 18    Dex: 12    Spells: 18/18 levels left

rFire    . . .     SeeInvis .   a - +0 war axe
rCold    . . .     Faith    .   B - +3 kite shield
rNeg     . . .     Spirit   .   z - +0 plate armour
rPois    .         Reflect  +   (no helmet)
rElec    .         Harm     .   (no cloak)
rCorr    +                      (no gloves)
MR       +....                  (no boots)
Stlth    ..........             F - amulet of reflection
HPRegen  0.00/turn              l - ring of resist corrosion
MPRegen  0.07/turn              (no ring)

@: non-regenerating
A: damage resistance, heal wounds, sense surroundings 2, no regeneration
a: Heal Wounds, Heroism, Finesse, Renounce Religion


You were in a volcano.
You worshipped Okawaru.
Okawaru was exalted by your worship.
You visited 4 branches of the dungeon, and saw 15 of its levels.
You also visited: Ossuary, Ice Cave and Volcano.

You collected 364 gold pieces.

Inventory:

Hand Weapons
 a - a +0 war axe (weapon)
 q - a +6 hand axe
 x - the +7 arbalest "Kopus" {elec, +Blink rF+ Int+5}
   (You found it on level 8 of the Dungeon)

   It charges the ammunition it shoots with electricity; occasionally upon a
   hit, such missiles may discharge and cause terrible harm.
   It affects your intelligence (+5).
   It protects you from fire.
   It lets you blink.
Missiles
 e - 17 bolts
 o - 13 boomerangs (quivered)
 A - 2 throwing nets {!f}
Armour
 b - a +0 scale mail
 c - a +0 kite shield
 p - a +0 chain mail
 z - a +0 plate armour (worn)
 B - a +3 kite shield (worn)
Jewellery
 l - a ring of resist corrosion (left hand)
 F - an amulet of reflection (around neck)
Wands
 h - a wand of random effects (21)
 r - a wand of iceblast (5) {@v2}
 y - a wand of enslavement (6)
Scrolls
 i - 4 scrolls of blinking {@r4}
 m - a scroll of enchant armour
 t - 4 scrolls of teleportation {@r3 !r}
 C - a scroll of fear {!r}
 D - a scroll of remove curse {@r2}
Potions
 d - a potion of might {@q3 !q}
 f - 4 potions of curing {@q1 !q}
 g - 3 potions of lignification {unknown}
 j - 2 potions of degeneration {unknown}
 n - 3 potions of berserk rage {unknown}
 s - 3 potions of stabbing {@q5 !q}
 u - a potion of invisibility {unknown}
 v - a potion of mutation {unknown}
 w - a potion of ambrosia {unknown}
 E - 2 potions of haste {@q4 !q}
 G - a potion of brilliance {unknown}


   Skills:
 + Level 4.4 Fighting
 * Level 15.0 Axes
 - Level 3.2 Armour
 + Level 5.4 Shields
 * Level 4.4 Spellcasting
 - Level 8.0 Invocations
 - Level 6.0 Evocations


You had 18 spell levels left.
You didn't know any spells.
Your spell library was empty.

Dungeon Overview and Level Annotations

Branches:
Dungeon (11/15)            Temple (1/1) D:4            Lair (2/6) D:10
  Swamp (0/4) Lair:2          Orc (1/2) D:9         Ossuary (visited)
  IceCv (visited)         Volcano (1/1)
  Snake: Lair:2-4    Spider: Lair:2-4

Altars:
Ashenzari
Cheibriados
Elyvilon
Fedhas
Gozag
Hepliaklqana
Nemelex Xobeh
Okawaru
Qazlal
Ru
Sif Muna
Trog
Uskayaw
Vehumet
Xom
Yredelemnul
Zin

Shops:
D:4 }:   D:7 (

Annotations:
Lair:1 1 runed translucent door, rasy's ghost, novice MiFi


Innate Abilities, Weirdness & Mutations

You are resistant to damage.
You can heal yourself by infusing magical energy.
You passively map the area around you.
You do not regenerate.


Message History

You slash the red draconian!
The red draconian is severely wounded.
You slash the red draconian!
The red draconian is severely wounded.
You block the salamander's attack. You block the red draconian's attack.
You barely miss the red draconian.
The red draconian is severely wounded.
You block the salamander's attack.
The red draconian breathes flames at you.
The searing blast hits you!!
Your magical essence is drained by the effort!
You feel much better.
The red draconian hits you with a +4 halberd of flaming.
The red draconian burns you. You block the salamander's attack.
You closely miss the red draconian.
The red draconian is severely wounded.
You hit the red draconian but do no damage.
The red draconian is severely wounded.
The red draconian breathes flames at you.
The searing blast hits you! You block the salamander's attack.
You closely miss the red draconian.
The red draconian is severely wounded.
You block the red draconian's attack.
You slash the red draconian!
The red draconian is almost dead.
You block the salamander's attack.
You hit the red draconian but do no damage.
The red draconian is almost dead.
You block the red draconian's attack. You block the salamander's attack.
You hit the red draconian but do no damage.
The red draconian is severely wounded.
You block the red draconian's attack.
You hit the red draconian.
The red draconian is almost dead.
You block the salamander's attack.
You barely miss the red draconian.
The red draconian is almost dead.
You feel like a meek peon again.
The red draconian hits you but does no damage.
You block the salamander's attack.
You hit the red draconian but do no damage.
The red draconian is almost dead.
You hit the red draconian.
The red draconian is almost dead.
The red draconian breathes flames at you.
The searing blast hits you!!
* * * LOW HITPOINT WARNING * * *
You block the salamander's attack.
You closely miss the red draconian.
The red draconian is almost dead.
You block the red draconian's attack.
Really quaff
k - 3 potions of heal wounds {@q2 !q}?
You feel much better. The salamander barely misses you.
The red draconian hits you with a +4 halberd of flaming!
* * * LOW HITPOINT WARNING * * *
The red draconian burns you.
* * * LOW HITPOINT WARNING * * *
Really quaff
k - 2 potions of heal wounds {@q2 !q}?
You feel much better. You block the salamander's attack.
The red draconian hits you with a +4 halberd of flaming!
The red draconian burns you.
You closely miss the red draconian.
The red draconian is almost dead.
You block the salamander's attack.
You hit the red draconian.
The red draconian is almost dead.
The red draconian hits you with a +4 halberd of flaming!
* * * LOW HITPOINT WARNING * * *
The red draconian burns you.
* * * LOW HITPOINT WARNING * * *
Really quaff
k - a potion of heal wounds {@q2 !q}?
You feel much better.
The salamander hits you from afar with a +0 halberd!
You are engulfed in flames!
* * * LOW HITPOINT WARNING * * *
You block the red draconian's attack.
Your plate armour prevents you from hitting the red draconian.
The red draconian is almost dead.
You block the salamander's attack.
You slice the red draconian!!
You kill the red draconian!
Okawaru is honoured by your kill.
Your Axes skill increases to level 15!
You block the salamander's attack.
The salamander hits you with a +0 halberd.
* * * LOW HITPOINT WARNING * * *
You are engulfed in flames!
* * * LOW HITPOINT WARNING * * *
Items here: )) [ †.
You closely miss the salamander.
The salamander is severely wounded.
You slash the salamander!
The salamander is almost dead.
The salamander hits you with a +0 halberd.
You are engulfed in flames!
* * * LOW HITPOINT WARNING * * *
Your plate armour prevents you from hitting the salamander.
The salamander is almost dead.
The salamander hits you with a +0 halberd!
You die...

≈≈≈≈≈≈§.# *####### **,
≈≈≈≈≈≈≈.# +.....+ , ≈ ≈
§≈≈≈≈≈≈.# *.8_8. * ≈
§≈§≈§§§.# ... ,,, , ≈
≈≈§§§≈≈.### #'# , ≈
§≈≈≈≈≈≈.#. #.#, *
.§≈≈≈≈≈.# * ,#.#
≈..≈≈≈≈.# , #N# *,,, ≈
≈≈.§§§≈.# ,#@# ,, , , ≈
≈≈≈.§§≈.# , #.# * ,≈
≈≈§§.≈≈.#, , #[# , ,
≈§§≈≈...########+###### *
≈
≈≈§≈≈≈S§..............§.,
≈
≈≈§≈§≈≈§≈≈§S≈≈§≈≈≈≈≈§≈§≈
≈ ≈ ≈ ≈
≈≈§≈§≈≈≈≈≈≈≈≈§≈≈≈§≈≈≈≈§≈
≈ ≈
≈§≈≈§≈§≈§§§≈≈§≈≈≈≈§≈≈≈≈≈
≈ ≈ ≈
§≈§§§≈≈≈≈≈§≈≈§§§§§§≈≈≈≈≈


You could see a salamander.

Vanquished Creatures
  A red draconian (Volcano)
  3 salamanders (Volcano)
  2 cane toads (Lair:1)
  2 centaur skeletons
  2 trolls
  3 hippogriffs
  A wyvern (D:10)
  3 yaks (Lair:1)
  A wraith (Ossuary)
  Eustachio (D:8)
  4 wargs (D:8)
  6 ice beasts
  9 orc warriors
  A black bear (D:7)
  3 ogres
  3 wolves
  A centaur (D:10)
  2 crocodiles
  A gnoll sergeant (D:8)
  A wyvern zombie (D:7)
  6 bullfrogs
  6 killer bees
  10 wights
  A bullfrog zombie (D:5)
  A lava snake (Volcano)
  9 crimson imps (D:7)
  6 orc priests
  3 hounds
  10 orc wizards
  A worker ant (D:4)
  A mummy (Ossuary)
  A worker ant zombie (D:6)
  11 adders
  A shadow imp (D:6)
  A white imp (D:11)
  2 ufetubi
  An adder skeleton (D:7)
  A worm (D:4)
  3 dart slugs
  57 orcs
  2 bats (D:3)
  2 giant cockroaches
  A goblin (D:3)
  4 hobgoblins
  7 jackals
  5 kobolds
  4 quokkas
  A frilled lizard (D:7)
  A gnoll skeleton (Ossuary)
  4 kobold skeletons (Ossuary)
  6 orc skeletons (Ossuary)
  2 rats
  A spectral orc (D:8)
  A plant (D:10)
223 creatures vanquished.

Vanquished Creatures (collateral kills)
  An orc warrior (D:8)
  An ice beast (IceCv)
  An orc (D:8)
3 creatures vanquished.

Vanquished Creatures (others)
  A salamander mystic (Volcano)
  An orc knight (D:8)
  An orc warrior (D:8)
  A plant (Lair:2)
4 creatures vanquished.

Grand Total: 230 creatures vanquished

Notes
Turn   | Place    | Note
-------+----------+-------------------------------------------
     0 | D:1      | EnegeticOcto the Deep Dwarf Fighter began the quest for the
                  | Orb.
     0 | D:1      | Reached XP level 1. HP: 20/20 MP: 1/1
   125 | D:1      | Reached skill level 3 in Axes
   127 | D:1      | Reached XP level 2. HP: 20/27 MP: 2/2
   275 | D:3      | Reached XP level 3. HP: 17/33 MP: 3/3
   283 | D:3      | Reached skill level 4 in Axes
   413 | D:3      | Your magical essence is drained by the effort!
   477 | D:3      | Reached XP level 4. HP: 27/40 MP: 3/3
   479 | D:3      | Your magical essence is drained by the effort!
   488 | D:3      | Reached skill level 5 in Axes
   517 | D:4      | Found Wuble's Gadget Shoppe.
   534 | D:4      | Found a staircase to the Ecumenical Temple.
   539 | Temple   | Entered the Ecumenical Temple
   645 | Temple   | Became a worshipper of Warmaster Okawaru
   675 | D:4      | Found Ceteubb's Book Shoppe.
   736 | D:5      | Entered Level 5 of the Dungeon
   748 | D:5      | Reached skill level 1 in Invocations
   748 | D:5      | Reached XP level 5. HP: 33/46 MP: 2/4
   759 | D:5      | Found a snail-covered altar of Cheibriados.
   770 | D:6      | Noticed an orc warrior
   771 | D:6      | Your magical essence is drained by the effort!
   781 | D:6      | Killed an orc warrior
   781 | D:6      | Reached skill level 6 in Axes
   781 | D:6      | Reached skill level 2 in Invocations
   781 | D:6      | Reached XP level 6. HP: 40/55 MP: 3/5
   784 | D:6      | Reached * piety under Okawaru
   790 | D:6      | Reached skill level 3 in Invocations
   815 | D:7      | Found Ihezoac's Antique Weapon Shop.
   815 | D:7      | Noticed a hippogriff
   819 | D:7      | Noticed a hippogriff
   826 | D:7      | Reached skill level 7 in Axes
   833 | D:7      | Killed a hippogriff
   833 | D:7      | Reached skill level 4 in Invocations
   833 | D:7      | Reached XP level 7. HP: 44/61 MP: 4/7
   836 | D:7      | Your magical essence is drained by the effort!
   840 | D:7      | Reached skill level 8 in Axes
   843 | D:7      | Your magical essence is drained by the effort!
   845 | D:7      | Your magical essence is drained by the effort!
   850 | D:7      | Reached skill level 5 in Invocations
   858 | D:7      | Killed a hippogriff
   858 | D:7      | Reached ** piety under Okawaru
   860 | D:7      | Reached skill level 9 in Axes
   864 | D:7      | Reached XP level 8. HP: 36/68 MP: 3/6
   870 | D:7      | Reached skill level 6 in Invocations
  1000 | D:7      | Reached skill level 10 in Axes
  1000 | D:7      | Reached skill level 7 in Invocations
  1038 | D:7      | Your magical essence is drained by the effort!
  1060 | D:7      | Reached *** piety under Okawaru
  1080 | D:7      | Reached skill level 11 in Axes
  1080 | D:7      | Reached skill level 8 in Invocations
  1080 | D:7      | Gained mutation: You passively map the area around you.
                  | [Deep Dwarf growth]
  1080 | D:7      | Reached XP level 9. HP: 62/74 MP: 6/8
  1091 | D:7      | Found a sacrificial altar of Ru.
  1228 | D:7      | Reached **** piety under Okawaru
  1230 | D:7      | Reached skill level 1 in Evocations
  1250 | D:8      | Noticed Eustachio
  1269 | D:8      | Reached skill level 12 in Axes
  1269 | D:8      | Reached skill level 2 in Evocations
  1296 | D:8      | Killed Eustachio
  1367 | D:8      | Reached skill level 3 in Evocations
  1401 | D:8      | Found a shimmering altar of Xom.
  1428 | D:8      | Your magical essence is drained by the effort!
  1436 | D:8      | Found a sand-covered staircase.
  1440 | Ossuary  | Entered an ossuary
  1587 | D:8      | Got a slimy arbalest
  1593 | D:8      | Identified the +7 arbalest "Kopus" {elec, +Blink rF+ Int+5}
                  | (You found it on level 8 of the Dungeon)
  1622 | D:8      | Found a basalt altar of Yredelemnul.
  1640 | D:8      | Reached skill level 4 in Evocations
  1705 | D:8      | Reached skill level 13 in Axes
  1705 | D:8      | Reached skill level 5 in Evocations
  1799 | D:8      | Noticed an orc knight
  1835 | D:8      | Your magical essence is drained by the effort!
  1837 | D:8      | Killed an orc warrior
  1837 | D:8      | Reached XP level 10. HP: 53/81 MP: 7/7
  1846 | D:8      | Your magical essence is drained by the effort!
  1847 | D:8      | Your magical essence is drained by the effort!
  2007 | D:9      | Reached skill level 6 in Evocations
  2106 | D:9      | Reached ***** piety under Okawaru
  2152 | D:9      | Reached skill level 14 in Axes
  2180 | D:9      | Your magical essence is drained by the effort!
  2183 | D:9      | Found a staircase to the Orcish Mines.
  2194 | Orc:1    | Entered Level 1 of the Orcish Mines
  2194 | Orc:1    | Noticed a stone giant
  2269 | D:10     | Entered Level 10 of the Dungeon
  2339 | D:11     | Found a frozen archway.
  2348 | IceCv    | Entered an ice cave
  2348 | IceCv    | Noticed a white ugly thing
  2350 | IceCv    | Found a transporter.
  2361 | IceCv    | Noticed an ice statue
  2361 | IceCv    | Noticed a white ugly thing
  2361 | IceCv    | Noticed an ice statue
  2385 | D:11     | Found an opulent altar of Gozag.
  2424 | D:11     | Reached skill level 1 in Spellcasting
  2435 | D:11     | Reached skill level 3 in Fighting
  2536 | D:10     | Reached skill level 2 in Spellcasting
  2546 | D:10     | Reached skill level 4 in Shields
  2605 | D:10     | Found a staircase to the Lair.
  2636 | Lair:1   | Entered Level 1 of the Lair of Beasts
  2667 | Lair:1   | Found a runed translucent door.
  2667 | Lair:1   | Found a shimmering altar of Xom.
  2667 | Lair:1   | Noticed a +2 dire flail of chaos
  2667 | Lair:1   | Noticed rasy's ghost (novice MiFi)
  2735 | Lair:1   | Noticed a cane toad
  2736 | Lair:1   | Noticed a cane toad
  2750 | Lair:1   | Killed a cane toad
  2750 | Lair:1   | Reached skill level 3 in Spellcasting
  2758 | Lair:1   | Your magical essence is drained by the effort!
  2773 | Lair:1   | Killed a cane toad
  2801 | Lair:2   | Your magical essence is drained by the effort!
  2841 | Lair:1   | Reached XP level 11. HP: 55/91 MP: 0/3
  2920 | Lair:2   | Found a dark tunnel.
  2928 | Volcano  | Entered a volcano
  2983 | Volcano  | Found a bloodstained altar of Trog.
  2983 | Volcano  | Noticed a salamander mystic
  2991 | Volcano  | Killed a salamander mystic
  2991 | Volcano  | Reached ****** piety under Okawaru
  2991 | Volcano  | Reached skill level 4 in Fighting
  2993 | Volcano  | Noticed a red draconian
  2994 | Volcano  | Your magical essence is drained by the effort!
  2998 | Volcano  | Received a gift from Okawaru
  2998 | Volcano  | Reached skill level 5 in Shields
  3000 | Volcano  | Reached skill level 4 in Spellcasting
  3003 | Volcano  | Your magical essence is drained by the effort!
  3013 | Volcano  | Your magical essence is drained by the effort!
  3031 | Volcano  | Killed a red draconian
  3031 | Volcano  | Reached skill level 15 in Axes
  3035 | Volcano  | Slain by a salamander

Illustrated notes

Levels and vault maps discovered:
D:1:      wander_arrival_chamber, layout_basic
D:2:      layout_basic, grunt_ministairs_2, kennysheep_boxes, uniq_sigmund
D:3:      layout_loops_ring
D:4:      kennysheep_goblin_castle, layout_loops_cross,
          nicolae_tso_swordbearing_angel, minmay_temple_entry_arrows,
          serial_shops, kennysheep_mini, nicolae_shop_overgrown_old_shop,
          nicolae_shop_statue_plus, shop, hangedman_minor_gate_pass
D:5:      layout_basic, kennysheep_little_box, cheibriados_altar_1,
          kennysheep_mini_moat, ebering_ghost_reflecting_pool, uniq_menkaure,
          uniq_edmund, uniq_prince_ribbit1
D:6:      layout_cave_pools, tgw_xom, minivault_5
D:7:      layout_rooms, lemuel_zombie_altar_kikubaaqudgha, demons_altar,
          nicolae_ru_great_annihilating_truth, serial_shops, shop,
          kennysheep_cross_bottleneck, minmay_statues_item, minivault_25,
          minmay_nine_imps, uniq_harold, uniq_crazy_yiuf_cottage
D:8:      lemuel_castle_with_subvaults [lemuel_castle_interior_carwin_1],
          layout_rooms, yredelemnul_forgotten_temple_becter, enter_ossuary_5,
          basic_altar, sword_in_stone
D:9:      layout_rooms, hiddenorc1_lemuel, uniq_erica
D:10:     layout_long_grid, dpeg_oklobed_lair
D:11:     layout_basic, basic_altar, serial_ice, serial_ice_a, serial_ice_g,
          serial_ice_i, serial_ice_c, portal_ice_cave_entry_pillars_2
Temple:   nicolae_temple_figure_eight
Lair:1:   cheibrodos_lair_river_kwai, layout_loops_ring, ebering_ghost_xom,
          beast_lair_carwin_3, grunt_megastairs_4, serial_bayou_shore_b
Lair:2:   layout_hall_layers, palyth_hydra_swamp_entry,
          minmay_snake_entry_six_corridors, lightli_volcano_entry_magma_tube
Orc:1:    layout_diamond_mine, basic_altar
Volcano:  volcano_lake [vl_original]

Skill      XL: |  1  2  3  4  5  6  7  8  9 10 11 |
---------------+----------------------------------+-----
Axes           | 3 4 5 6 7 9 11 13 14 15 | 15.0
Invocations    | 1 2 4 5 8 |  8.0
Evocations     | 5 6 |  6.0
Spellcasting   | 3 4 |  4.4
Fighting       | 3 4 |  4.4
Shields        | 4 5 |  5.4
Armour         | |  3.2

Action                   |  1- 3 |  4- 6 |  7- 9 | 10-12 || total
-------------------------+-------+-------+-------+-------++-------
Melee: War axe           |    81 |    71 |    27 |   182 ||   361
       Hand axe          |       |       |   306 |   128 ||   434
Throw: Boomerang         |       |     2 |     6 |    16 ||    24
Invok: Heroism           |       |     1 |     8 |     7 ||    16
 Abil: Heal Wounds       |     2 |     7 |    23 |    24 ||    56
Evoke: Wand              |       |       |     8 |    11 ||    19
  Use: Scroll            |       |       |     5 |     7 ||    12
       Potion            |       |       |       |     3 ||     3
 Stab: Paralysed         |       |       |     1 |       ||     1
Armor: Scale mail        |    49 |    15 |       |       ||    64
       Chain mail        |       |    29 |   120 |       ||   149
       Plate armour      |       |       |     8 |    96 ||   104
Dodge: Dodged            |    36 |    34 |    79 |    58 ||   207
Block: Kite shield       |    60 |    57 |   168 |   207 ||   492
       Reflection        |       |       |       |     5 ||     5

Table legend: (Time is in decaauts)
 A = Elapsed time spent in this place.
 B = Non-inter-level travel time spent in this place.
 C = Inter-level travel time spent in this place.
 D = Time resting spent in this place.
 E = Time spent auto-exploring this place.
 F = Levels seen in this place.
 G = Mean time per level.
                   A        B        C        D        E       F      G
               +--------+--------+--------+--------+--------+-----+--------+
         Total |   2959 |   2848 |    111 |      0 |      0 |  18 |  164.4 |
       Dungeon |   2307 |   2237 |     70 |      0 |      0 |  11 |  209.7 |
        Temple |    124 |     83 |     41 |      0 |      0 |   1 |  124.0 |
          Lair |    274 |    274 |      0 |      0 |      0 |   2 |  137.0 |
  Orcish Mines |      1 |      1 |      0 |      0 |      0 |   1 |    1.0 |
       Ossuary |    134 |    134 |      0 |      0 |      0 |   1 |  134.0 |
      Ice Cave |     16 |     16 |      0 |      0 |      0 |   1 |   16.0 |
       Volcano |     99 |     99 |      0 |      0 |      0 |   1 |   99.0 |
               +--------+--------+--------+--------+--------+-----+--------+

Top non-repeatable levels by time:
     D:8: 562 daAuts
     D:7: 378 daAuts
     D:3: 341 daAuts
     D:9: 253 daAuts
    D:10: 236 daAuts
  Lair:1: 168 daAuts
     D:1: 148 daAuts
 Ossuary: 134 daAuts
  Temple: 124 daAuts
     D:4: 111 daAuts
  Lair:2: 105 daAuts
 Volcano: 99 daAuts
    D:11: 97 daAuts
     D:6: 87 daAuts
     D:2: 54 daAuts
